 Dungeon Crawl Stone Soup version 0.26.1-11-gd32895ea62 (webtiles) character file.

Game seed: 16869244262876126197

3371 Doot the Destroyer (level 10, -3/53 HPs)
             Began as a Tengu Conjurer on June 2, 2021.
             Was a Believer of Vehumet.
             Slain by a wyvern (13 damage)
             ... on level 8 of the Dungeon.
             The game lasted 00:16:47 (10591 turns).

Doot the Destroyer (Tengu Conjurer)                Turns: 10591, Time: 00:16:49

Health: -3/53      AC:  2    Str:  8    XL:     10   Next: 3%
Magic:  3/22       EV: 16    Int: 22    God:    Vehumet [**....]
Gold:   92         SH:  0    Dex: 12    Spells: 10/24 levels left

rFire    . . .     SeeInvis .   y - +2 short sword (venom)
rCold    . . .     Faith    .   (no shield)
rNeg     + . .     Spirit   .   a - +0 robe
rPois    .         Reflect  .   (helmet restricted)
rElec    .         Harm     .   (no cloak)
rCorr    .         Rampage  .   (no gloves)
Will     .....                  (boots unavailable)
Stlth    +++.......             (no amulet)
HPRegen  0.17/turn              (no ring)
MPRegen  0.18/turn              v - ring of positive energy

@: flying quickly and evasively, quick
A: beak, talons 3, able to fly
a: Stop Flying, Renounce Religion


You were on level 8 of the Dungeon.
You worshipped Vehumet.
Vehumet was pleased with you.
You visited 1 branch of the dungeon, and saw 9 of its levels.
You also visited: Sewer.

You collected 400 gold pieces.
You spent 308 gold pieces at shops.

Inventory:

Hand Weapons
 b - a +0 dagger
 e - a +0 whip of venom
 f - a +0 dagger of venom
 u - a +3 hand axe
 y - a +2 short sword of venom (weapon)
Missiles
 x - 30 poisoned darts
Armour
 a - a +0 robe (worn)
Magical Staves
 i - an uncursed staff of cold
Jewellery
 v - a ring of positive energy (right hand)
Wands
 q - a wand of paralysis (16)
 w - a wand of enslavement (8)
 D - a wand of random effects (33)
Scrolls
 c - 7 scrolls of teleportation
 d - 6 scrolls of identify
 g - a scroll of random uselessness {unknown}
 l - a scroll of amnesia {unknown}
 m - 5 scrolls of remove curse
 s - a scroll of magic mapping {unknown}
 B - a scroll of enchant armour {unknown}
 F - a scroll of enchant weapon {unknown}
 G - a scroll of noise {unknown}
Potions
 h - a potion of lignification {unknown}
 j - 3 potions of haste {unknown}
 k - 5 potions of attraction {unknown}
 n - 6 potions of brilliance {unknown}
 o - 2 potions of ambrosia {unknown}
 p - 12 potions of curing
 r - 2 potions of mutation {unknown}
 t - a potion of degeneration {unknown}
 z - 2 potions of flight {unknown}
 A - 6 potions of heal wounds {unknown}
 C - a potion of cancellation {unknown}
 E - 2 potions of magic
 H - a potion of might {unknown}


   Skills:
 + Level 2.2 Fighting
 + Level 0.5 Axes
 + Level 4.5 Dodging
 + Level 5.8 Stealth
 + Level 7.8 Spellcasting
 + Level 12.2 Conjurations
 + Level 0.2 Hexes
 + Level 0.2 Evocations


You had 10 spell levels left.
You knew the following spells:

 Your Spells              Type           Power        Failure   Level
a - Magic Dart            Conj           100%         1%          1
b - Searing Ray           Conj           100%         1%          2
c - Iskenderun's Mystic   Conj/Tloc      35%          6%          4
d - Fulminant Prism       Conj/Hex       18%          6%          4
e - Mephitic Cloud        Conj/Pois/Air  26%          4%          3

Your spell library contained the following spells:

 Spells                   Type           Power        Failure   Level
 Conjure Flame            Conj/Fire      35%          1%          3
 Dazzling Flash           Conj/Hex       72%          1%          3
 Corona                   Hex            10%          7%          1
 Animate Skeleton         Necr           16%          8%          1
 Apportation              Tloc           16%          8%          1
 Summon Small Mammal      Summ           32%          8%          1
 Slow                     Hex            9%           11%         2
 Blink                    Tloc           N/A          12%         2
 Call Imp                 Summ           8%           12%         2
 Inner Flame              Hex/Fire       9%           22%         3
 Portal Projectile        Hex/Tloc       18%          22%         3
 Cause Fear               Hex            4%           56%         4
 Leda's Liquefaction      Hex/Erth       4%           58%         4


Dungeon Overview and Level Annotations

Branches:
Dungeon (9/15)             Temple (0/1) D:7             Orc (0/2) D:9
  Sewer (visited)
   Lair: D:8-11

Altars:
Cheibriados
Dithmenos
Fedhas
Kikubaaqudgha
Makhleb
Ru
Vehumet
Xom
Zin

Shops:
D:7 !


Innate Abilities, Weirdness & Mutations

You have a beak for a mouth.
You have claws for feet.
You can fly continuously.


Message History

Press: ? - help, Shift-Dir - straight line, f/p - elephant
Aim: an elephant (almost dead, fast)
The bolt of poison hits the elephant!
You kill the elephant!
Vehumet accepts your kill.
You feel your power returning. The wyvern closely misses you.
Your Conjurations skill increases to level 12!
You have reached level 10!
Casting: Searing Ray (safe; 1% risk of failure)
Confirm with . or Enter, or press ? or * to list all spells.
You don't have enough magic to cast that spell.
Unknown command.
Aiming: Random Effects
Press: ? - help, Shift-Dir - straight line, f - wyvern
Aim: a wyvern The bolt of negative energy hits the wyvern!
The wyvern is drained!
The wyvern is severely wounded.
The wyvern bites you!
You die...

##..##..###
#####.##..##..###
##..Y.#§Y##..##... ##
.# ##.§###§##.†##..#
.####.# #.Y##
##..##..### ....#.#
#§## #.##JW##..#
.##...# #.# ##..##..###
.##..#####.#
#######§###
.##..##....#..##@†.#Y
###..#.#.###.# #l#..#
.....#..#...#..#{.....(
...<[###.....#
#.#.....#
.....+.#..#..# +..$.
... .##.÷#.#.....#
#.#... .#
.##..#..#...#..#.. ...
( ##...#.#.###.#.#.#
##! ##...##..# ..##


You could see a wyvern (drained).

Vanquished Creatures
  An elephant (D:8)
  Grum (D:9)
  An orc warrior (D:8)
  A sky beast (D:7)
  4 wolves (D:9)
  2 phantoms
  A necrophage (D:6)
  A centaur (D:5)
  2 big kobolds (Sewer)
  A bullfrog (D:7)
  7 scorpions
  4 wights (D:6)
  6 howler monkeys
  A bullfrog zombie (D:7)
  A jelly (D:8)
  A centaur skeleton (D:7)
  4 orc priests
  3 hounds
  An iguana (D:5)
  Natasha (thrice) (D:2)
  7 orc wizards
  3 worker ants
  2 hound skeletons
  A worker ant zombie (D:5)
  3 gnolls (D:4)
  10 adders
  4 river rats (Sewer)
  2 shadow imps
  A white imp (D:8)
  An ufetubus (D:6)
  3 oozes
  An adder skeleton (D:7)
  6 worms
  2 dart slugs
  4 leopard geckos
  32 orcs
  5 giant cockroaches
  11 goblins
  4 hobgoblins
  7 jackals
  2 quokkas
  9 ball pythons
  14 bats
  7 frilled lizards
  A jackal zombie (D:5)
  19 kobolds
  A quokka skeleton (D:8)
  31 rats
239 creatures vanquished.

Vanquished Creatures (others)
  A human (D:7)
  4 fulminant prisms
  A plant (D:5)
6 creatures vanquished.

Grand Total: 245 creatures vanquished

Notes
Turn   | Place    | Note
-------+----------+-------------------------------------------
     0 | D:1      | Doot the Tengu Conjurer began the quest for the Orb.
     0 | D:1      | Reached XP level 1. HP: 10/10 MP: 4/4
   262 | D:1      | Reached XP level 2. HP: 15/15 MP: 4/6
   265 | D:1      | Learned a level 2 spell: Searing Ray
   574 | D:1      | Reached skill level 6 in Conjurations
   859 | D:1      | Reached XP level 3. HP: 19/19 MP: 5/7
  1340 | D:2      | Noticed Natasha
  1349 | D:2      | Killed Natasha
  1412 | D:2      | Noticed Natasha
  1423 | D:2      | Killed Natasha
  1424 | D:2      | Reached skill level 7 in Conjurations
  1424 | D:2      | Reached XP level 4. HP: 19/24 MP: 0/8
  1613 | D:2      | Learned a level 4 spell: Iskenderun's Mystic Blast
  1880 | D:2      | Noticed Natasha
  1884 | D:2      | Killed Natasha
  1885 | D:2      | Gained mutation: You can fly continuously. [Tengu growth]
  1885 | D:2      | Reached XP level 5. HP: 28/28 MP: 5/9
  2563 | D:3      | Found a shadowy altar of Dithmenos.
  2755 | D:3      | Found a faded altar of an unknown god.
  3110 | D:3      | Reached skill level 8 in Conjurations
  3110 | D:3      | Reached XP level 6. HP: 32/32 MP: 5/11
  3585 | D:4      | You are sucked into a shaft and drop 1 floor!
  3585 | D:5      | Entered Level 5 of the Dungeon
  4432 | D:5      | Reached skill level 9 in Conjurations
  4618 | D:5      | Reached XP level 7. HP: 36/36 MP: 8/13
  5308 | D:5      | Found a radiant altar of Vehumet.
  5308 | D:5      | Found a shadowy altar of Dithmenos.
  5309 | D:5      | Found a burning altar of Makhleb.
  5317 | D:5      | Became a worshipper of Vehumet
  5400 | D:5      | Found a blossoming altar of Fedhas.
  5699 | D:5      | Found a glowing silver altar of Zin.
  5709 | D:5      | Reached XP level 8. HP: 38/41 MP: 12/16
  5943 | D:5      | Reached skill level 5 in Spellcasting
  6338 | D:6      | Reached skill level 10 in Conjurations
  6781 | D:6      | Found a shimmering altar of Xom.
  6830 | D:6      | Found a glowing drain.
  6836 | Sewer    | Entered a sewer
  7010 | Sewer    | Reached * piety under Vehumet
  7010 | Sewer    | Offered knowledge of Freeze by Vehumet.
  7204 | Sewer    | Learned a level 4 spell: Fulminant Prism
  7287 | Sewer    | Reached skill level 1 in Fighting
  7309 | Sewer    | Reached ** piety under Vehumet
  7526 | Sewer    | Offered knowledge of Shock by Vehumet.
  8154 | D:6      | Found a sacrificial altar of Ru.
  8685 | D:7      | Reached XP level 9. HP: 40/47 MP: 14/19
  8768 | D:7      | Reached skill level 5 in Stealth
  8971 | D:7      | Found a snail-covered altar of Cheibriados.
  9082 | D:7      | Found an ancient bone altar of Kikubaaqudgha.
  9210 | D:7      | Found Inietol's Distillery.
  9217 | D:7      | Reached skill level 11 in Conjurations
  9258 | D:7      | Bought 2 potions of magic for 224 gold pieces
  9258 | D:7      | Bought 2 potions of curing for 84 gold pieces
  9593 | D:7      | Found a staircase to the Ecumenical Temple.
 10226 | D:8      | Noticed a catoblepas
 10388 | D:9      | Noticed Grum
 10392 | D:9      | Offered knowledge of Mephitic Cloud by Vehumet.
 10397 | D:9      | Killed Grum
 10402 | D:9      | Learned a level 3 spell: Mephitic Cloud
 10523 | D:9      | Found a staircase to the Orcish Mines.
 10553 | D:9      | Noticed an elephant
 10590 | D:8      | Killed an elephant
 10591 | D:8      | Reached skill level 12 in Conjurations
 10591 | D:8      | Reached XP level 10. HP: 10/53 MP: 3/22
 10591 | D:8      | Slain by a wyvern

Illustrated notes

Levels and vault maps discovered:
D:1:      psy_arrival_dodecagon, layout_loops_corners
D:2:      layout_basic, minmay_pentomino_u2, uniq_natasha
D:3:      layout_basic, chequers_ecumenical_altar_simple,
          nicolae_dithmenos_through_a_glass_darkly
D:4:      layout_basic
D:5:      layout_basic, zin_academy, fedhas_altar_1,
          gammafunk_temple_overflow_claw, minivault_4
D:6:      layout_cave_pods, general_overflow_altar,
          nicolae_ru_the_path_less_chosen, gup_sewer_entry_bowl
D:7:      layout_loops_corners, marbit_many_paths, minmay_temple_entry_fiery,
          serial_shops, shop, tgw_kikubaaqudgha
D:8:      minmay_the_grid_plus_closed [minmay_the_grid_spin_star,
          minmay_the_grid_stretched_grid, minmay_the_grid_dragon_b,
          minmay_the_grid_minigrid_small, minmay_the_grid_prize_big_room],
          layout_loops_cross, serial_shops, nicolae_shop_window_shopping,
          grunt_ogre_cave, uniq_maggie, uniq_pikel
D:9:      layout_grid_maze, david_lair_generic, orc_0_dummy, minivault_22,
          uniq_grum

Skill      XL: |  1  2  3  4  5  6  7  8  9 |
---------------+----------------------------+-----
Conjurations   | 6 7 8 9 10 12 | 12.2
Spellcasting   | 3 4 6 7 |  7.8
Dodging        | 3 4 |  4.5
Stealth        | 3 4 5 |  5.8
Fighting       | 1 2 |  2.2
Axes           | |  0.5
Hexes          | |  0.2
Evocations     | |  0.2

Action                   |  1- 3 |  4- 6 |  7- 9 | 10-12 || total
-------------------------+-------+-------+-------+-------++-------
Melee: Dagger            |     1 |     2 |       |       ||     3
       Peck              |       |     1 |     2 |       ||     3
       Hand axe          |       |       |     2 |       ||     2
       Staff             |       |       |     4 |       ||     4
       Short sword       |       |       |     6 |       ||     6
       Kick              |       |       |     3 |       ||     3
 Cast: Magic Dart        |    45 |    62 |    80 |       ||   187
       Searing Ray       |     2 |    25 |    67 |       ||    94
       Iskenderun's Myst |       |       |    25 |       ||    25
       Fulminant Prism   |       |       |     4 |       ||     4
 Abil: Fly               |       |     1 |       |       ||     1
Evoke: Wand              |       |       |     2 |     1 ||     3
  Use: Scroll            |       |       |     4 |       ||     4
 Stab: Sleeping          |       |       |     3 |       ||     3
Armor: Robe              |       |       |     6 |       ||     6
Dodge: Dodged            |     3 |     8 |    73 |       ||    84
